 Dungeon Crawl Stone Soup version 0.20-a0-754-g13ddd6e (webtiles) character file.

11388 nikopol the Spear-Bearer (level 11, -2/151 HPs)
             Began as a Minotaur Berserker on Feb 26, 2017.
             Was a High Priest of Trog.
             Slain by a death yak (24 damage)
             ... on level 11 of the Dungeon.
             The game lasted 00:29:23 (9797 turns).

nikopol the Spear-Bearer (Minotaur Berserker)       Turns: 9797, Time: 00:29:24

Health: -2/151     AC: 13    Str: 33    XL:     11   Next: 48%
Magic:  10/10      EV: 15    Int:  4    God:    Trog [*****.]
Gold:   211        SH:  0    Dex: 12    Spells: 10/10 levels left

rFire    . . .     SeeInvis .   a - +0 trident
rCold    . . .     Gourm    .   l - +0 scale mail
rNeg     . . .     Faith    .   (no shield)
rPois    .         Spirit   .   (helmet restricted)
rElec    .         Reflect  .   q - +2 cloak
rCorr    .         Harm     .   (no gloves)
MR       .....                  (no boots)
Stlth    ..........             (no amulet)
Regen    0.4/turn               g - +1 ring of protection
MPRegen  0.2/turn               x - +5 ring of strength

@: berserking (expiring), very quick
A: retaliatory headbutt, horns 2
a: Berserk, Trog's Hand, Brothers in Arms, Burn Spellbooks, Renounce Religion


You were on level 11 of the Dungeon.
You worshipped Trog.
Trog was extremely pleased with you.
You were hungry.

You visited 1 branch of the dungeon, and saw 11 of its levels.
You also visited: Sewer.

You collected 467 gold pieces.
You spent 256 gold pieces at shops.

Inventory:

Hand Weapons
 a - a +0 trident (weapon)
 k - a +1 antimagic glaive
 z - the +2 shortbow "Duppess" {flame, rF+ MR+ Stlth-}
   (You bought it in a shop on level 6 of the Dungeon)

   It causes projectiles fired from it to burn those they strike, causing extra
   injury to most foes and up to half again as much damage against particularly
   susceptible opponents.
   It protects you from fire.
   It affects your resistance to hostile enchantments.
   It makes you less stealthy.
 H - a cursed -2 spear
Missiles
 e - 87 arrows (quivered)
Armour
 l - a +0 scale mail (worn)
 q - a +2 cloak (worn)
Jewellery
 g - a +1 ring of protection (right hand)
 x - a +5 ring of strength (left hand)
 G - an uncursed ring of positive energy
Wands
 i - a wand of flame (0/48)
 u - a wand of polymorph (6/24)
 J - a wand of disintegration (10/24)
 K - a wand of lightning (7/15)
Scrolls
 b - 3 scrolls of identify
 h - 3 scrolls of remove curse
 y - 4 scrolls of teleportation {unknown}
 D - 3 scrolls of magic mapping {unknown}
 E - a scroll of blinking {unknown}
 F - 5 scrolls of enchant armour {unknown}
 I - a scroll of random uselessness {unknown}
Potions
 d - a potion of cancellation {unknown}
 f - 7 potions of heal wounds
 m - a potion of brilliance
 n - 6 potions of curing
 p - 3 potions of might
 t - 4 potions of flight
 v - a potion of invisibility
 w - 3 potions of haste
 M - a potion of mutation {unknown}
 N - a potion of berserk rage {unknown}
Comestibles
 c - 11 bread rations
 j - a chunk of flesh
 o - 7 meat rations
 r - a royal jelly
 s - 23 fruits


   Skills:
 + Level 10.9 Fighting
 * Level 11.5 Polearms
 * Level 6.3 Bows
 + Level 10.3 Armour
 + Level 9.5 Dodging


You had 10 spell levels left.
You didn't know any spells.

Dungeon Overview and Level Annotations

Branches:
Dungeon (11/15)            Temple (0/1) D:5             Orc (0/2) D:10
   Lair: D:8-11

Altars:
Cheibriados
Dithmenos
Fedhas
Gozag
Hepliaklqana
Makhleb
Okawaru
Ru
Sif Muna
Uskayaw
Vehumet
Xom
Zin

Shops:
D:6 (   D:7 [   D:9 *   D:10 !


Innate Abilities, Weirdness & Mutations

You reflexively headbutt those who attack you in melee.
You have a pair of horns on your head.


Message History

You hit the death yak.
The death yak is moderately wounded.
You impale the death yak!!
The death yak is severely wounded.
You puncture the death yak! You headbutt the death yak.
You kill the death yak!
Trog accepts your kill.
You puncture the death yak!
You headbutt the death yak, but do no damage.
The death yak is lightly wounded.
You puncture the death yak! You headbutt the death yak.
The death yak is moderately wounded.
The death yak gores you!!
* * * LOW HITPOINT WARNING * * *
You puncture the death yak!
The death yak is heavily wounded.
You puncture the death yak!
The death yak is severely wounded.
The death yak gores you!!
You die...

.......#
.#....#
####.....#
#....T...#
#......(.#
#.....rY.#
#....#.Y.#
#.(((#.@(#
#....(.(.#
#........#
#.####..รท#
#.####...#
#........#
###........#
#..........#
#.###..##..#


You could see 2 death yaks, a troll and a hell rat.

Vanquished Creatures
  3 two-headed ogres
  A death yak (D:11)
  An ugly thing (D:11)
  Maurice (D:8)
  Prince Ribbit (D:7)
  2 hippogriffs
  A spriggan (D:8)
  2 wyverns (D:9)
  A hungry ghost (D:10)
  10 yaks
  Menkaure (D:5)
  A warg (D:10)
  3 porcupines (D:11)
  5 orc warriors
  5 ice beasts
  A sky beast (D:5)
  A necrophage (D:9)
  3 phantoms
  A black bear (D:6)
  8 ogres
  A centaur (D:10)
  The ghost of CcS the Conjurer, an amateur OpFE (D:3)
  2 big kobolds
  5 bullfrogs
  Blork the orc (D:5)
  4 scorpions
  5 killer bees (D:10)
  2 howler monkeys
  9 crimson imps
  A bullfrog zombie (D:9)
  2 hounds
  7 orc priests
  2 bullfrog skeletons
  2 jellies
  2 iguanas
  9 worker ants
  2 hell rats (D:11)
  12 orc wizards
  A killer bee zombie (D:9)
  A hound skeleton (D:9)
  2 worker ant zombies
  A howler monkey zombie (D:9)
  A howler monkey skeleton (D:5)
  8 gnolls
  8 adders
  A river rat (Sewer)
  A shadow imp (D:8)
  An adder zombie (D:6)
  2 adder skeletons
  3 worms
  2 dart slugs
  5 leopard geckos
  47 orcs
  3 giant cockroaches
  6 goblins
  2 hobgoblins
  8 jackals
  15 kobolds
  4 quokkas
  7 bats
  4 frilled lizards
  A jackal zombie (D:8)
  12 rats
267 creatures vanquished.

Notes
Turn   | Place    | Note
-------+----------+-------------------------------------------
     0 | D:1      | nikopol the Minotaur Berserker began the quest for the Orb.
     0 | D:1      | Reached XP level 1. HP: 19/19 MP: 0/0
    21 | D:1      | You fall through a shaft!
   251 | D:1      | Reached XP level 2. HP: 26/27 MP: 1/1
   829 | D:2      | Reached XP level 3. HP: 33/33 MP: 2/2
   858 | D:2      | Reached skill level 4 in Polearms
  1358 | D:3      | Reached ** piety under Trog
  1368 | D:3      | Reached XP level 4. HP: 15/41 MP: 3/3
  1924 | D:3      | Noticed CcS's ghost (amateur OpFE)
  1928 | D:3      | Killed CcS's ghost
  1928 | D:3      | Reached skill level 5 in Fighting
  1928 | D:3      | Reached XP level 5. HP: 48/48 MP: 4/4
  2528 | D:4      | Found a glowing drain.
  2538 | Sewer    | Entered a sewer
  2629 | Sewer    | Reached skill level 5 in Polearms
  2629 | Sewer    | Reached XP level 6. HP: 56/56 MP: 5/5
  2661 | Sewer    | Found a white marble altar of Elyvilon.
  2909 | D:4      | Reached *** piety under Trog
  3191 | D:4      | Found a deep blue altar of Sif Muna.
  3191 | D:4      | Found a sacrificial altar of Ru.
  3192 | D:4      | Found a shadowy altar of Dithmenos.
  3289 | D:4      | Found an iron altar of Okawaru.
  3419 | D:5      | Entered Level 5 of the Dungeon
  3450 | D:5      | Noticed Menkaure
  3458 | D:5      | Killed Menkaure
  3458 | D:5      | Reached XP level 7. HP: 42/63 MP: 6/6
  3474 | D:5      | Reached skill level 5 in Armour
  3642 | D:5      | Reached skill level 5 in Dodging
  3945 | D:5      | Reached skill level 6 in Polearms
  3985 | D:5      | Noticed Blork the orc
  3994 | D:5      | Killed Blork the orc
  4077 | D:5      | Found a staircase to the Ecumenical Temple.
  4177 | D:5      | Reached XP level 8. HP: 70/71 MP: 7/7
  4273 | D:5      | Found a glowing silver altar of Zin.
  4273 | D:5      | Found an opulent altar of Gozag.
  4454 | D:6      | Found a hazy altar of Hepliaklqana.
  4571 | D:6      | Reached skill level 7 in Polearms
  4928 | D:6      | Received a gift from Trog
  5256 | D:6      | Found Urizyfer's Antique Weapon Emporium.
  5606 | D:7      | Reached XP level 9. HP: 69/81 MP: 8/8
  5613 | D:7      | Reached **** piety under Trog
  5883 | D:7      | Reached skill level 8 in Polearms
  6023 | D:7      | Found Daapocwa's Antique Armour Boutique.
  6100 | D:7      | Found a hide-covered altar of Uskayaw.
  6156 | D:7      | Noticed Prince Ribbit
  6171 | D:7      | Killed Prince Ribbit
  6388 | D:8      | Noticed a two-headed ogre
  6396 | D:8      | Killed a two-headed ogre
  6620 | D:8      | Reached skill level 9 in Polearms
  6868 | D:8      | Noticed Maurice
  6892 | D:8      | Killed Maurice
  6910 | D:8      | Reached XP level 10. HP: 56/91 MP: 9/9
  7184 | D:8      | Found a shimmering altar of Xom.
  7283 | D:8      | Found a blossoming altar of Fedhas.
  7422 | D:9      | Found Xianivume's Demolitions Depot.
  7514 | D:6      | Bought a twisted shortbow for 256 gold pieces
  7516 | D:6      | Identified the +2 shortbow "Duppess" {flame, rF+ MR+ Stlth-} (You bought it in a shop on level 6 of the Dungeon)
  7908 | D:9      | Reached skill level 1 in Bows
  7919 | D:9      | Reached skill level 10 in Fighting
  8008 | D:9      | Found a snail-covered altar of Cheibriados.
  8021 | D:9      | Reached ***** piety under Trog
  8037 | D:9      | Reached skill level 10 in Polearms
  8087 | D:9      | Noticed a two-headed ogre
  8095 | D:9      | Killed a two-headed ogre
  8480 | D:9      | Found a burning altar of Makhleb.
  8480 | D:9      | Found a radiant altar of Vehumet.
  8667 | D:10     | Entered Level 10 of the Dungeon
  9052 | D:10     | Found a staircase to the Orcish Mines.
  9080 | D:10     | Reached XP level 11. HP: 91/101 MP: 10/10
  9113 | D:10     | Reached skill level 10 in Armour
  9255 | D:10     | Reached skill level 5 in Bows
  9273 | D:10     | Received a gift from Trog
  9319 | D:10     | Reached skill level 11 in Polearms
  9387 | D:10     | Found Uwym's Distillery.
  9409 | D:10     | Noticed a two-headed ogre
  9421 | D:10     | Killed a two-headed ogre
  9774 | D:11     | Noticed a white ugly thing
  9775 | D:11     | Noticed a death yak
  9783 | D:11     | Noticed a death yak
  9787 | D:11     | Noticed a death yak
  9788 | D:11     | Killed a white ugly thing
  9793 | D:11     | Killed a death yak
  9797 | D:11     | Slain by a death yak

Vault maps used:
D:1:      dpeg_arrival_round_c
D:2:      dk_vineyard_3
D:3:      first_bread
D:4:      gammafunk_temple_overflow_forgotten, overflow_temple_1_default,
          portal_sewer_entry_d
D:5:      grunt_temple_overflow_gold_and_silver, minmay_temple_entry_fiery,
          dk_noncrumbling_4, uniq_blork_the_orc, uniq_menkaure
D:6:      nicolae_overflow_hidden_temple, serial_shops, kennysheep_mini,
          st_stairs_11
D:7:      lemuel_doored_altar, serial_shops, nicolae_shop_trees,
          uniq_prince_ribbit1
D:8:      overflow_temple_1_default, fedhas_altar_4, the_bakery, uniq_maurice
D:9:      grunt_temple_overflow_lords_of_destruction,
          nicolae_overflow_crystal_walls, nicolae_blasting_shop
D:10:     erik_orc_4, serial_shops, shop
D:11:     dpeg_lair_monsters, uniq_sonja, uniq_snorg
Sewer:    sewer_kobolds

Skill      XL: |  1  2  3  4  5  6  7  8  9 10 11 |
---------------+----------------------------------+-----
Fighting       | 4 5 6 8 9 10 | 10.9
Polearms       | 4 5 6 7 9 10 11 | 11.5
Armour         | 3 4 5 7 8 9 10 | 10.3
Dodging        | 3 4 5 6 8 9 |  9.5
Bows           | 4 6 |  6.3

Action                   |  1- 3 |  4- 6 |  7- 9 | 10-12 || total
-------------------------+-------+-------+-------+-------++-------
Melee: Spear             |    81 |   153 |    21 |       ||   255
       Headbutt          |     8 |    27 |    55 |    75 ||   165
       Trident           |       |       |   271 |   320 ||   591
 Fire: Shortbow          |       |       |       |    60 ||    60
Invok: Berserk           |       |     2 |     3 |     2 ||     7
       Trog's Hand       |       |     1 |       |     1 ||     2
       Burn Spellbooks   |       |       |     1 |     2 ||     3
  Use: Scroll            |       |     8 |       |     6 ||    14
       Potion            |       |     1 |       |       ||     1
 Stab: Sleeping          |     1 |       |       |       ||     1
  Eat: Chunk             |     1 |     8 |    15 |    10 ||    34
       Royal jelly       |       |       |       |     1 ||     1
Armor: Animal skin       |     2 |       |       |       ||     2
       Ring mail         |    12 |    30 |    25 |       ||    67
       Scale mail        |       |       |    41 |    74 ||   115
Dodge: Dodged            |    25 |    45 |   118 |   138 ||   326
